 Dungeon Crawl Stone Soup version 0.20.1-1-g8b1a95d (webtiles) character file.

428 McKennaii the Ruffian (level 6, -13/48 HPs)
             Began as a Draconian Transmuter on July 21, 2017.
             Killed from afar by Pikel (15 damage)
             ... with a wand of lightning (?/15)
             ... on level 4 of the Dungeon.
             The game lasted 00:04:54 (4224 turns).

McKennaii the Ruffian (Draconian Transmuter)        Turns: 4224, Time: 00:04:54

Health: -13/48     AC:  6    Str: 15    XL:     6   Next: 65%
Magic:  7/10       EV: 14    Int: 16    God:
Gold:   207        SH:  0    Dex: 16    Spells: 7/10 levels left

rFire    . . .     SeeInvis .     - Unarmed
rCold    . . .     Gourm    .   (no shield)
rNeg     . . .     Faith    .   (armour unavailable)
rPois    .         Spirit   .   (helmet restricted)
rElec    .         Reflect  .   (no cloak)
rCorr    .         Harm     .   (no gloves)
MR       .....                  (no boots)
Stlth    ++........             (no amulet)
Regen    0.2/turn               e - +3 ring of strength
MPRegen  0.2/turn               j - +5 ring of dexterity

@: no status effects
A: unfitting armour, cold-blooded, AC +6
a: no special abilities


You were on level 4 of the Dungeon.
You were very hungry.

You visited 1 branch of the dungeon, and saw 4 of its levels.

You collected 207 gold pieces.

Inventory:

Missiles
 a - 75 arrows
Armour
 w - a +0 buckler
Jewellery
 e - a +3 ring of strength (left hand)
 j - a +5 ring of dexterity (right hand)
Wands
 n - a wand of enslavement (18/24)
Scrolls
 h - 6 scrolls of identify {unknown}
 i - a scroll of fog {unknown}
 m - 2 scrolls of teleportation {unknown}
 u - a scroll of blinking {unknown}
 x - a scroll of fear {unknown}
 y - a scroll of remove curse {unknown}
Potions
 d - a potion of cancellation {unknown}
 g - a potion of magic {unknown}
 k - a potion of mutation {unknown}
 p - a potion of heal wounds {unknown}
 q - a potion of berserk rage {unknown}
 r - a potion of might {unknown}
 s - a potion of flight {unknown}
 t - a potion of resistance
 v - a potion of degeneration {unknown}
Books
 b - a book of Changes

   Spells                             Type                      Level
   a - Beastly Appendage              Transmutation                1
   b - Sticks to Snakes               Transmutation                2
   c - Spider Form                    Transmutation/Poison         3
   d - Ice Form                       Ice/Transmutation            4
   e - Blade Hands                    Transmutation                5
Comestibles
 c - 3 bread rations
 f - a fruit
 l - 6 meat rations
 o - 2 royal jellies


   Skills:
 + Level 1.8 Fighting
 + Level 3.3 Dodging
 + Level 1.0 Stealth
 + Level 5.3 Unarmed Combat
 + Level 2.7 Spellcasting
 * Level 3.6 Transmutations


You had 7 spell levels left.
You knew the following spells:

 Your Spells              Type           Power        Failure   Level  Hunger
a - Beastly Appendage     Tmut           ##....       4%          1    #......
b - Sticks to Snakes      Tmut           ##......     7%          2    ##.....


Dungeon Overview and Level Annotations

Branches:
Dungeon (4/15)
 Temple: D:4-7

Altars:
Vehumet

Annotations:
D:4 Pikel


Innate Abilities, Weirdness & Mutations

Your plain brown scales are hard. (AC +6)
You cannot fit into any form of body armour.
You are cold-blooded and may be slowed by cold attacks.


Message History

Your ball python constricts the slave.
The slave barely misses your ball python.
The slave struggles to escape constriction.
Pikel zaps a wand.
The bolt of lightning hits you!
Ouch! That really hurt!
* * * LOW HITPOINT WARNING * * *
It is a wand of lightning (?/15).
Your ball python barely misses the slave.
Your ball python constricts the slave.
The slave struggles to escape constriction.
Your ball python barely misses the slave.
Your ball python constricts the slave.
The slave struggles to escape constriction.
Pikel says, "Why not give up?
You'll get fed.
Maybe."
Your ball python bites the slave.
Your ball python constricts the slave.
The slave escapes!
Your ball python barely misses the slave.
Your ball python grabs the slave.
Your ball python constricts the slave.
Pikel zaps a wand.
The bolt of lightning hits you!
You die...

......................'..........
...........#####......#####.#####
...........### #......# #.#
.............# ######## #.#
.............# #.# ........##...#
#.# .....#.......# #.#
...#.#..#.Spp######### #.#
>...........ppK.@....# #.#
........#.##########.## #.#
........#.##### #..# #.#
.....####.....# ###.#####.#
..pp.......##.### #.........#####
##..##..##.#....# #.#.#.###......
................# #.#.#.# #.####.
.##....#...#....# #.....###.####.
.#######....#+### #..............


You could see Pikel, 4 slaves and a friendly ball python.

Vanquished Creatures
  Sigmund (D:3)
  An iguana (D:4)
  3 adders
  An ooze (D:2)
  3 worms
  A dart slug (D:2)
  2 leopard geckos
  5 orcs (D:3)
  A ball python (D:3)
  3 giant cockroaches
  10 goblins
  11 hobgoblins
  8 jackals
  5 kobolds
  A quokka (D:3)
  A ball python skeleton (D:4)
  6 bats
  3 frilled lizards
  6 rats
72 creatures vanquished.

Vanquished Creatures (collateral kills)
  2 ogres
  A scorpion (D:4)
3 creatures vanquished.

Grand Total: 75 creatures vanquished

Notes
Turn   | Place    | Note
-------+----------+-------------------------------------------
     0 | D:1      | McKennaii the Draconian Transmuter began the quest for the Orb.
     0 | D:1      | Reached XP level 1. HP: 16/16 MP: 3/3
   228 | D:1      | Reached XP level 2. HP: 20/23 MP: 5/5
   938 | D:2      | Learned a level 2 spell: Sticks to Snakes
   957 | D:2      | Reached XP level 3. HP: 28/28 MP: 6/6
   967 | D:2      | Found a radiant altar of Vehumet.
  1743 | D:3      | Reached skill level 4 in Unarmed Combat
  1743 | D:3      | Reached XP level 4. HP: 19/35 MP: 7/7
  2078 | D:3      | Noticed Sigmund
  2096 | D:3      | Killed Sigmund
  2096 | D:3      | Reached XP level 5. HP: 7/40 MP: 1/8
  2301 | D:3      | Reached skill level 1 in Stealth
  2790 | D:4      | Noticed an ogre
  3038 | D:3      | Killed an ogre
  3038 | D:3      | Reached skill level 5 in Unarmed Combat
  3038 | D:3      | Reached XP level 6. HP: 47/47 MP: 1/9
  3416 | D:4      | Noticed Pikel
  3416 | D:4      | Noticed a slave
  3416 | D:4      | Noticed a slave
  3421 | D:4      | Noticed a slave
  4210 | D:4      | Noticed a slave
  4221 | D:4      | HP: 2/48 [Pikel/wand of lightning (?/15) (24)]
  4224 | D:4      | Killed from afar by Pikel

Skill      XL: |  1  2  3  4  5 |
---------------+----------------+-----
Dodging        | 2 3 |  3.3
Unarmed Combat | 4 5 |  5.3
Stealth        | 1 |  1.0
Transmutations | 3 |  3.6
Fighting       | |  1.8
Spellcasting   | |  2.7

Action                   |  1- 3 |  4- 6 || total
-------------------------+-------+-------++-------
Melee: Unarmed           |   147 |   147 ||   294
       Tailslap          |    15 |    20 ||    35
       Punch             |     2 |       ||     2
 Cast: Sticks to Snakes  |       |    13 ||    13
 Stab: Sleeping          |     1 |       ||     1
  Eat: Chunk             |     3 |     7 ||    10
Armor: Skin              |    56 |    33 ||    89
Dodge: Dodged            |    87 |    88 ||   175
